 Seeded DCSS version 0.30.1-4-g462c640d31 (webtiles) character file.

Game seed: 5 (custom seed)

1587 Kazon the Covert (level 8, -1/54 HPs)
             Began as an Octopode Brigand on Aug 29, 2023.
             Was a Believer of Okawaru.
             Killed by divine providence
             ... invoked by an orc priest
              (10 damage)
             ... on level 6 of the Dungeon on Aug 30, 2023.
             The game lasted 00:19:37 (3714 turns).

Kazon the Covert (Octopode Brigand)                 Turns: 3714, Time: 00:19:38

Health: -1/54      AC:  1    Str: 13    XL:     8   Next: 92%
Magic:  0/19       EV: 17    Int: 13    God:    Okawaru [**....]
Gold:   250        SH: 14    Dex: 19    Spells: 7/7 levels left

rFire   . . .        e - +2 dagger (vamp)
rCold   . . .        d - +2 kite shield {rN+}
rNeg    + . .        (helmet restricted)
rPois   .            A - amulet of guardian spirit
rElec   .            q - ring of magical power
rCorr   .            w - +6 ring of dexterity
SInv    .            (no ring)
Will    .....        (no ring)
Stlth   +++++++      (no ring)
HPRegen 0.29/turn    (no ring)
MPRegen 0.16/turn    (no ring)
                     (no ring)

%: guardian spirit
@: heroic, flying
A: almost no armour, amphibious, 8 rings, camouflage 1, gelatinous body 1,
(nimble swimmer 1), tentacles
a: Renounce Religion, Heroism


You were on level 6 of the Dungeon.
You worshipped Okawaru.
Okawaru was pleased with you.
You visited 2 branches of the dungeon, and saw 7 of its levels.

You collected 250 gold pieces.

Inventory:

Hand Weapons
 a - a +2 dagger
 e - a +2 vampiric dagger (weapon)
 f - a +0 hand axe of flaming
 h - a +2 dagger of holy wrath
Missiles
 b - 13 poisoned darts
 c - 3 curare-tipped darts
 p - 5 boomerangs
 E - 16 stones (quivered)
Armour
 d - a +2 kite shield of positive energy (worn)
Jewellery
 q - a ring of magical power (left tentacle)
 w - a +6 ring of dexterity (right tentacle)
 A - an amulet of guardian spirit (around mantle)
Wands
 t - a wand of paralysis (8)
Scrolls
 j - a scroll of fog {unknown}
 k - a scroll of teleportation
 l - 2 scrolls of identify {unknown}
 m - a scroll of summoning {unknown}
 n - 2 scrolls of magic mapping {unknown}
 o - a scroll of blinking {unknown}
 u - a scroll of torment {unknown}
 x - a scroll of amnesia {unknown}
 C - a scroll of poison {unknown}
 D - a scroll of enchant armour {unknown}
Potions
 g - a potion of resistance {unknown}
 i - a potion of magic {unknown}
 r - 3 potions of flight
 s - 2 potions of invisibility {unknown}
 v - 2 potions of heal wounds {unknown}
 y - 2 potions of curing
 z - a potion of lignification {unknown}
 B - a potion of attraction {unknown}


   Skills:
 * Level 3.8(8.8) Fighting
 * Level 4.5(9.5) Short Blades
 * Level 2.8(7.8) Axes
 * Level 4.4(9.4) Throwing
 * Level 3.7(8.7) Dodging
 + Level 8.1(13.1) Stealth
 * Level 3.5(8.5) Shields
 * Level 3.1 Invocations
 * Level 2.2 Evocations


You had 7 spell levels left.
You didn't know any spells.
Your spell library contained the following spells:

 Spells                   Type           Power      Damage    Failure   Level
 Frozen Ramparts          Ice            0%         1d1       94%         3
 Ignite Poison            Fire/Tmut/Pois 0%         N/A       94%         3
 Ice Form                 Ice/Tmut       0%         N/A       100%        4
 Sticky Flame             Conj/Fire      0%         2d3       100%        4
 Eringya's Noxious Bog    Tmut/Pois      0%         N/A       100%        6
 Ignition                 Fire           0%         3d3       100%        8
 Summon Ice Beast         Ice/Summ       Unusable   N/A       N/A         4
 Summon Forest            Summ/Tloc      Unusable   N/A       N/A         5
 Summon Hydra             Summ           Unusable   N/A       N/A         7

Dungeon Overview and Level Annotations

Branches:
Dungeon (6/15)             Temple (1/1) D:4

Altars:
Ashenzari
Cheibriados
Dithmenos
Elyvilon
Fedhas
Gozag
Hepliaklqana
Kikubaaqudgha
Makhleb
Nemelex Xobeh
Okawaru
Qazlal
Ru
Trog
Uskayaw
Vehumet
Wu Jian
Xom
Yredelemnul
Zin
The Shining One


Innate Abilities, Weirdness & Mutations

You cannot wear most types of armour.
You are amphibious.
You can wear up to eight rings at the same time.
Your skin changes colour to match your surroundings (Stealth+).
Your rubbery body absorbs attacks. (AC +1, EV +1)
((You are camouflaged when in or above water. (Stealth+)))
You have tentacles for arms and can constrict up to eight enemies at once.


Message History

You squeeze the orc wizard.
The orc wizard is lightly wounded.
You constrict the orc wizard.
You feel sick.
The orc wizard hits you with a +0 dagger.
* * * LOW HITPOINT WARNING * * *
You hit the orc wizard.
The orc wizard is moderately wounded.
You constrict the orc wizard. You block the orc wizard's attack.
It was a potion of flight.
You feel very buoyant.
You fly up into the air.
You constrict the orc wizard.
You feel sick.
The orc wizard hits you with a +0 dagger.
* * * LOW HITPOINT WARNING * * *
It was a potion of curing.
You feel better.
You constrict the orc wizard. You block the orc wizard's attack.
The orc priest calls upon Beogh to heal the orc wizard.
The orc wizard is healed somewhat.
You hit the orc wizard.
You feel better.
The orc wizard is heavily wounded.
You constrict the orc wizard. You hit the orc priest.
You feel better.
You grab the orc priest.
The orc priest is lightly wounded.
You constrict the orc wizard. You constrict the orc priest.
You block the orc wizard's attack. You block the orc priest's attack.
You hit the orc priest.
The orc priest is heavily wounded.
You constrict the orc wizard.
You constrict the orc priest, but do no damage.
The orc wizard hits you with a +0 dagger.
* * * LOW HITPOINT WARNING * * *
You block the orc priest's attack.
You hit the orc priest.
The orc priest is severely wounded.
You constrict the orc wizard. You constrict the orc priest.
The orc wizard casts a spell at you. The magic dart hits you!
* * * LOW HITPOINT WARNING * * *
The orc priest calls down the wrath of Beogh upon you.
Beogh smites you!
You die...

............. #....
#........... #....
#.......... #....
.......... #.).รท
..(...... ##))#
..o.....# ########
##...
#.###......####....
#oo##......##......
##@.#...........#..
##.#.......#.###..
#.........#.# #..
##......<.#.# #..
##......>#.# ###
#######.#.# #...#.#
#.###.# #.# #.#


You could see an orc priest and an orc wizard.

Vanquished Creatures
  Sigmund (D:4)
  Duvessa (D:6)
  A water moccasin (D:6)
  2 black bears (D:4)
  A centaur (D:6)
  An ogre (D:5)
  2 scorpions
  Dowan (D:6)
  A howler monkey (D:6)
  4 hounds
  A jelly (D:5)
  2 orc priests (D:6)
  6 iguanas
  3 orc wizards (D:6)
  4 gnolls (D:5)
  9 adders
  2 ufetubi
  3 worms
  14 orcs
  4 bats
  9 endoplasms
  A giant cockroach (D:1)
  12 goblins
  7 hobgoblins
  11 jackals
  3 kobolds
  3 quokkas (D:4)
  6 ball pythons
  3 frilled lizards
  4 rats
122 creatures vanquished.

Notes
Turn   | Place    | Note
-------+----------+-------------------------------------------
     0 | D:1      | Kazon the Octopode Brigand began the quest for the Orb.
     0 | D:1      | Reached XP level 1. HP: 14/14 MP: 1/1
    39 | D:1      | Identified a scroll of acquirement
    39 | D:1      | Acquired a +2 kite shield of positive energy
    91 | D:1      | Reached XP level 2. HP: 18/19 MP: 2/2
   589 | D:1      | Reached XP level 3. HP: 24/24 MP: 3/3
   637 | D:1      | Reached skill level 6 in Stealth
  1057 | D:2      | Reached XP level 4. HP: 27/29 MP: 4/4
  1178 | D:2      | Reached skill level 1 in Shields
  1644 | D:3      | Found a blossoming altar of Fedhas.
  1663 | D:3      | Reached XP level 5. HP: 35/35 MP: 5/5
  1739 | D:3      | Found a stormy altar of Qazlal.
  1948 | D:3      | Found a faded altar of an unknown god.
  1972 | D:3      | Identified the +2 sling "Qeuhanocyt" {speed, rElec Str-3
                  | Dex+2}
  2047 | D:4      | Found a staircase to the Ecumenical Temple.
  2055 | Temple   | Entered the Ecumenical Temple
  2151 | Temple   | Became a worshipper of Warmaster Okawaru
  2269 | D:4      | Noticed Sigmund
  2272 | D:4      | Killed Sigmund
  2273 | D:4      | Reached skill level 1 in Axes
  2273 | D:4      | Reached skill level 1 in Invocations
  2273 | D:4      | Reached XP level 6. HP: 41/41 MP: 6/6
  2509 | D:4      | Reached * piety under Okawaru
  2644 | D:4      | Reached skill level 7 in Stealth
  2652 | D:4      | Noticed a black bear
  2654 | D:4      | Killed a black bear
  2655 | D:4      | Reached XP level 7. HP: 45/45 MP: 8/8
  2786 | D:4      | Found a hazy altar of Hepliaklqana.
  2789 | D:4      | Found a shadowy altar of Dithmenos.
  2789 | D:4      | Noticed a shadow
  2892 | D:5      | Entered Level 5 of the Dungeon
  3057 | D:5      | Reached skill level 1 in Evocations
  3072 | D:5      | Reached XP level 8. HP: 37/52 MP: 9/9
  3329 | D:6      | Noticed Dowan
  3331 | D:6      | Noticed Duvessa
  3342 | D:6      | Killed Duvessa
  3342 | D:6      | Reached ** piety under Okawaru
  3342 | D:6      | Killed Dowan
  3386 | D:6      | Reached skill level 8 in Stealth
  3506 | D:6      | Found a shimmering altar of Xom.
  3714 | D:6      | Killed from afar by an orc priest

Illustrated notes

Levels and vault maps discovered:
D:1:      ebering_trefoil_3fold, layout_basic, st_stairs_14, serial_bayou_ford_a
D:2:      layout_basic, hangedman_decor_growths, minmay_close_crescents
D:3:      layout_rooms, mainiacjoe_overflow_concentric_impassable,
          mainiacjoe_overflow_paths, shapermc_ecumenical_altar_acropolis,
          chequers_serial_rivers_micro_b
D:4:      layout_basic, riverfiend_overflow_shadow_ancestor,
          minmay_temple_entry_glass, uniq_sigmund
D:5:      layout_gridville
D:6:      layout_basic, xom_teletrap_fun, uniq_duvessa
Temple:   nicolae_temple_elliptical

Skill      XL: |  1  2  3  4  5  6  7  8 |
---------------+-------------------------+-----
Stealth        | 6 7 8 |  8.1
Shields        | 1 2 3 |  3.5
Short Blades   | 3 4 |  4.5
Axes           | 1 2 |  2.8
Throwing       | 3 4 |  4.4
Dodging        | 2 3 |  3.7
Invocations    | 1 2 3 |  3.1
Fighting       | 3 |  3.8
Evocations     | 1 2 |  2.2

Action                     |  1- 3 |  4- 6 |  7- 9 || total
---------------------------+-------+-------+-------++-------
  Melee: Dagger            |    80 |    72 |   147 ||   299
         Constrict         |    18 |    15 |    32 ||    65
         Tentacles         |    14 |    18 |    45 ||    77
         Punch             |       |     1 |     5 ||     6
  Throw: Dart              |    13 |     5 |    15 ||    33
         Stone             |     2 |     8 |    12 ||    22
         Boomerang         |     1 |       |       ||     1
 Invoke: Heroism           |       |       |     3 ||     3
    Use: Scroll            |     2 |       |     1 ||     3
         Potion            |       |       |     2 ||     2
   Stab: Sleeping          |     8 |    13 |     7 ||    28
         Distracted        |       |       |     1 ||     1
 Armour: Skin              |     2 |     2 |     4 ||     8
  Dodge: Dodged            |    23 |    14 |    44 ||    81
  Block: Kite shield       |    20 |    23 |    72 ||   115
